 Dungeon Crawl Stone Soup version 0.30-a0-165-g1891117ce2 (webtiles) character file.

Game seed: 12123137237519646680

45 squinnward the Conjurer (level 3, -8/27 HPs)
             Began as a Demonspawn Reaver on Sept 28, 2022.
             Killed from afar by Ijyb (11 damage)
             ... with a puff of flame
             ... on level 3 of the Dungeon on Sept 29, 2022.
             The game lasted 00:13:49 (2266 turns).

squinnward the Conjurer (Demonspawn Reaver)         Turns: 2266, Time: 00:13:49

Health: -8/27      AC:  3    Str: 12    XL:     3   Next: 42%
Magic:  6/6        EV: 11    Int: 16    God:
Gold:   51         SH:  0    Dex: 13    Spells: 5/6 levels left

rFire   . . .      SeeInvis .    f - +2 dagger (vamp)
rCold   . . .      Faith    .    (no shield)
rNeg    . . .      Spirit   .    b - +0 leather armour
rPois   .          Reflect  .    (no helmet)
rElec   .          Harm     .    (no cloak)
rCorr   .          Rampage  .    (no gloves)
Will    .....                    (no boots)
Stlth   ++........               (no amulet)
HPRegen 0.09/turn                (no ring)
MPRegen 0.20/turn                (no ring)

@: no status effects
A: thin skeletal structure 1, magic regeneration
a: no special abilities


You were on level 3 of the Dungeon.
You visited 1 branch of the dungeon, and saw 4 of its levels.

You collected 51 gold pieces.

Inventory:

Hand Weapons
 a - a +0 hand axe
 f - a +2 vampiric dagger (weapon)
Armour
 b - a +0 leather armour (worn)
Scrolls
 c - a scroll of blinking {unknown}
 g - a scroll of enchant armour {unknown}
 h - a scroll of fog {unknown}
 j - a scroll of magic mapping {unknown}
Potions
 d - a potion of cancellation {unknown}
 e - a potion of curing {unknown}
 i - a potion of attraction {unknown}


   Skills:
 + Level 2.1 Fighting
 * Level 1.0 Short Blades
 - Level 3.1 Axes
 + Level 1.0 Armour
 + Level 1.9 Dodging
 * Level 2.1 Spellcasting
 * Level 3.2 Conjurations


You had 5 spell levels left.
You knew the following spells:

 Your Spells              Type           Power      Damage    Failure   Level
a - Kiss of Death         Conj/Necr      24%        2d7       13%         1

Your spell library contained the following spells:

 Spells                   Type           Power      Damage    Failure   Level
 Momentum Strike          Conj/Tloc      12%        3d8       21%         2
 Hailstorm                Conj/Ice       6%         3d4       36%         3
 Summon Lightning Spire   Summ/Air       1%         N/A       95%         4
 Malign Gateway           Summ/Tloc      0%         N/A       100%        7
 Storm Form               Tmut/Air       0%         N/A       100%        7
 Maxwell's Capacitive Co  Air            0%         ∞         100%        8
 Summon Horrible Things   Summ           0%         N/A       100%        8


Dungeon Overview and Level Annotations

Branches:
Dungeon (4/15)
 Temple: D:4-7

Altars:

Shops:
D:1 :

Annotations:
D:3 Ijyb


Innate Abilities, Weirdness & Mutations

You have a somewhat thin skeletal structure. (Dex +2, Stealth+)
You regenerate magic rapidly.


Message History

Aim: Ijyb, wielding a +0 club, wearing a +0 leather armour and carrying a wand of flame (26) (moderately wounded, 100% to hit)
You miscast Kiss of Death.
You are very lightly contaminated with residual magic.
Nothing appears to happen.
Ijyb screams, "You nasty!
Big nasty!"
Ijyb closely misses you.
You closely miss Ijyb.
Ijyb is moderately wounded.
The hobgoblin barely misses you. Ijyb closely misses you.
You hit Ijyb.
You feel better.
Ijyb is heavily wounded.
The hobgoblin closely misses you. Ijyb hits you with a +0 club.
You closely miss Ijyb.
Ijyb is heavily wounded.
The hobgoblin hits you but does no damage.
Ijyb zaps a wand.
The puff of flame hits you.
* * * LOW HITPOINT WARNING * * *
You hit Ijyb but do no damage.
Ijyb is heavily wounded.
The hobgoblin barely misses you. Ijyb misses you.
You barely miss Ijyb.
Ijyb is heavily wounded.
The hobgoblin hits you.
* * * LOW HITPOINT WARNING * * *
Ijyb hits you with a +0 club.
* * * LOW HITPOINT WARNING * * *
You closely miss Ijyb.
Ijyb is heavily wounded.
The hobgoblin hits you but does no damage.
Ijyb zaps a wand.
The puff of flame misses you.
You hit Ijyb.
You feel better.
Ijyb is heavily wounded.
The hobgoblin hits you but does no damage.
Ijyb hits you with a +0 club.
* * * LOW HITPOINT WARNING * * *
Your magical contamination has completely faded away.
You barely miss Ijyb.
Ijyb is heavily wounded.
The hobgoblin barely misses you.
Ijyb zaps a wand.
The puff of flame hits you!
You die...

##+## ##...## ##.....##
##.......## #.........#
## +...gg!..[+ .
#....@....# .. .##
##.......## #.###. #
##.....## #..... #
##...## .... # ##'## #
... # #)# #.#.# # ####.#
#.#.#### #.##....##
#...>...
.........##########.####


You could see Ijyb and a hobgoblin.

Vanquished Creatures
  A dart slug (D:1)
  7 ball pythons
  5 endoplasms
  A giant cockroach (D:1)
  4 goblins
  3 hobgoblins (D:1)
  7 kobolds
  2 quokkas
  A bat (D:1)
  3 frilled lizards
  4 rats
38 creatures vanquished.

Notes
Turn   | Place    | Note
-------+----------+-------------------------------------------
     0 | D:1      | squinnward the Demonspawn Reaver began the quest for the
                  | Orb.
     0 | D:1      | Reached XP level 1. HP: 16/16 MP: 3/3
   134 | D:1      | Found Ymaulops's Vocational Training.
   175 | D:1      | Gained mutation: You have a somewhat thin skeletal
                  | structure. (Dex +2, Stealth+) [demonic ancestry]
   175 | D:1      | Reached XP level 2. HP: 11/19 MP: 3/5
  1249 | D:1      | Found a faded altar of an unknown god.
  1383 | D:1      | Gained mutation: You regenerate magic rapidly. [demonic
                  | ancestry]
  1383 | D:1      | Reached XP level 3. HP: 26/27 MP: 6/6
  1966 | D:2      | Reached skill level 1 in Armour
  2175 | D:2      | Reached skill level 1 in Short Blades
  2193 | D:2      | You fall into a shaft and drop 2 floors!
  2246 | D:3      | Noticed Ijyb
  2266 | D:3      | Killed from afar by Ijyb

Illustrated notes

Levels and vault maps discovered:
D:1:      scummos_arrival_forest, layout_loops_cross,
          dreamdust_ecumenical_altar_angels_and_demons,
          chequers_serial_rivers_micro_d, grunt_decor_mini_mirrors,
          nicolae_shop_vocational
D:2:      layout_basic, chequers_serial_rivers_room_b, kennysheep_generic_room_4
D:3:      layout_loops_corners, general_overflow_altar, guppyfry_early_orc_mine,
          uniq_ijyb
D:4:      layout_basic, chequers_serial_rivers_room_b,
          kennysheep_generic_room_14

Skill      XL: |  1  2  3 |
---------------+----------+-----
Axes           | 3 |  3.1
Armour         | 1 |  1.0
Short Blades   | 1 |  1.0
Fighting       | |  2.1
Dodging        | |  1.9
Spellcasting   | |  2.1
Conjurations   | |  3.2

Action                   || total
-------------------------++-------
Melee: Hand axe          ||    51
       Dagger            ||    91
 Cast: Kiss of Death     ||     1
 Stab: Sleeping          ||     7
Armor: Leather armour    ||    26
Dodge: Dodged            ||    72

Table legend: (Time is in decaauts)
 A = Elapsed time spent in this place.
 B = Non-inter-level travel time spent in this place.
 C = Inter-level travel time spent in this place.
 D = Time resting spent in this place.
 E = Time spent auto-exploring this place.
 F = Levels seen in this place.
 G = Mean time per level.
                   A        B        C        D        E       F      G
               +--------+--------+--------+--------+--------+-----+--------+
         Total |   2270 |   2270 |      0 |   1071 |    423 |   4 |  567.5 |
       Dungeon |   2270 |   2270 |      0 |   1071 |    423 |   4 |  567.5 |
               +--------+--------+--------+--------+--------+-----+--------+

Top non-repeatable levels by time:
     D:1: 1715 daAuts
     D:2: 482 daAuts
     D:3: 53 daAuts
     D:4: 18 daAuts
